 Dungeon Crawl Stone Soup version 0.27-a0-323-gbd089401bb (webtiles) character file.

Game seed: 15089562862505410484

21930 wampuh the Fighter (level 12, -6/97 HPs)
             Began as a Gnoll Wanderer on Feb 10, 2021.
             Was an Elder of Dithmenos.
             Mangled by a cane toad (22 damage)
             ... on level 3 of the Lair of Beasts.
             The game lasted 00:42:44 (16087 turns).

wampuh the Fighter (Gnoll Wanderer)                Turns: 16087, Time: 00:42:44

Health: -6/97      AC: 15    Str: 23    XL:     12   Next: 95%
Magic:  11/23      EV: 17    Int: 13    God:    Dithmenos [****..]
Gold:   913        SH:  0    Dex: 16    Spells: 15/26 levels left

rFire    + . .     SeeInvis .   t - +4 war axe
rCold    . . .     Faith    .   (no shield)
rNeg     . . .     Spirit   .   y - +1 leather armour of Precision Catastrophes {rF+ Regen+ Dex+3}
rPois    .         Reflect  .   w - +1 hat
rElec    .         Harm     .   N - +1 cloak {Will+}
rCorr    .         Rampage  .   p - +2 pair of gloves {Str+3}
Will     ++...                  i - +2 pair of boots
Stlth    ++++++....             P - amulet of magic regeneration
HPRegen  0.66/turn              z - ring of willpower
MPRegen  0.43/turn              E - +6 ring of strength

@: wreathed by umbra
A: distributed training, fangs 1, strong nose
a: Renounce Religion, Shadow Step


You were on level 3 of the Lair of Beasts.
You worshipped Dithmenos.
Dithmenos was greatly pleased with you.
You visited 3 branches of the dungeon, and saw 15 of its levels.
You also visited: Sewer and Ossuary.

You collected 913 gold pieces.

Inventory:

Hand Weapons
 b - a +0 battleaxe
 t - a +4 war axe (weapon)
 A - a +0 arbalest
 C - a +0 dagger of electrocution
Missiles
 J - 7 datura-tipped darts (quivered)
Armour
 i - a +2 pair of boots (worn)
 p - a +2 pair of gloves of strength (worn)
 w - a +1 hat (worn)
 y - the +1 leather armour of Precision Catastrophes (worn) {rF+ Regen+ Dex+3}
   (You took it off an orc wizard on level 4 of the Dungeon)

   It affects your dexterity (+3).
   It protects you from fire.
   It increases your rate of regeneration.
 N - a +1 cloak of willpower (worn)
 S - +0 acid dragon scales
Magical Staves
 n - a staff of cold
 R - a staff of conjuration
Jewellery
 z - a ring of willpower (left hand)
 E - a +6 ring of strength (right hand)
 P - an amulet of magic regeneration (around neck)
Wands
 v - a wand of acid (6)
 F - a wand of iceblast (7)
 H - a wand of charming (13)
 K - a wand of digging (7)
Scrolls
 g - a scroll of amnesia
 j - 3 scrolls of noise {unknown}
 k - 6 scrolls of teleportation
 m - a scroll of fog
 o - 2 scrolls of enchant weapon
 q - a scroll of identify
 r - 4 scrolls of enchant armour
 s - a scroll of fear
 B - 5 scrolls of magic mapping
 I - 2 scrolls of random uselessness {unknown}
Potions
 a - a potion of cancellation {unknown}
 c - 7 potions of curing
 d - a potion of lignification
 e - a potion of degeneration {unknown}
 f - 7 potions of ambrosia
 h - 2 potions of magic {unknown}
 l - 4 potions of flight {unknown}
 u - 3 potions of brilliance
 x - 2 potions of heal wounds {unknown}
 D - 4 potions of haste {unknown}
 G - 4 potions of attraction {unknown}
Miscellaneous
 L - a condenser vane
 M - a box of beasts
 O - a lightning rod (4/4)


   Skills:
 + Level 10.1 Fighting
 + Level 7.7 Short Blades
 + Level 7.7 Long Blades
 + Level 9.1 Axes
 + Level 7.7 Maces & Flails
 + Level 7.7 Polearms
 + Level 7.7 Staves
 + Level 7.7 Slings
 + Level 8.2 Bows
 + Level 7.7 Crossbows
 + Level 8.2 Throwing
 + Level 9.1 Armour
 + Level 7.7 Dodging
 + Level 8.1 Stealth
 + Level 7.7 Shields
 + Level 7.7 Unarmed Combat
 + Level 7.7 Spellcasting
 + Level 6.4 Conjurations
 + Level 6.4 Hexes
 + Level 6.4 Summonings
 + Level 6.4 Necromancy
 + Level 6.4 Translocations
 + Level 6.4 Transmutations
 + Level 6.4 Fire Magic
 + Level 6.4 Ice Magic
 + Level 6.4 Air Magic
 + Level 6.4 Earth Magic
 + Level 6.4 Poison Magic
 + Level 8.5 Invocations
 + Level 7.7 Evocations


You had 15 spell levels left.
You knew the following spells:

 Your Spells              Type           Power        Failure   Level
a - Mephitic Cloud        Conj/Pois/Air  21%          3%          3
b - Gell's Gravitas       Tloc           10%          3%          3
c - Ignite Poison         Fire/Tmut/Pois 21%          3%          3
d - Corpse Rot            Necr/Air       N/A          1%          2

Your spell library contained the following spells:

 Spells                   Type           Power        Failure   Level
 Magic Dart               Conj           84%          1%          1
 Searing Ray              Conj           42%          1%          2
 Confusing Touch          Hex            21%          3%          3
 Dazzling Flash           Conj/Hex       42%          3%          3
 Fulminant Prism          Conj/Hex       10%          11%         4
 Iskenderun's Mystic Bla  Conj/Tloc      21%          11%         4
 Petrify                  Tmut/Erth      21%          11%         4
 Fireball                 Conj/Fire      10%          30%         5
 Lightning Bolt           Conj/Air       10%          30%         5
 Metabolic Englaciation   Hex/Ice        10%          30%         5
 Yara's Violent Unravell  Hex/Tmut       10%          30%         5
 Starburst                Conj/Fire      10%          86%         6
 Ignition                 Fire           10%          100%        8


Dungeon Overview and Level Annotations

Branches:
Dungeon (11/15)            Temple (1/1) D:7            Lair (3/6) D:11
 Shoals (0/4) Lair:2       Spider (0/4) Lair:2        Sewer (visited)
Ossuary (visited)
    Orc: D:9-12

Altars:
Ashenzari
Cheibriados
Dithmenos
Elyvilon
Fedhas
Gozag
Hepliaklqana
Kikubaaqudgha
Makhleb
Nemelex Xobeh
Okawaru
Qazlal
Ru
Sif Muna
Trog
Uskayaw
Vehumet
Wu Jian
Xom
Yredelemnul
Zin
The Shining One

Shops:
D:5 (

Annotations:
D:3 3 runed translucent doors, ArcanElement's ghost, amateur HuFi
Lair:2 1 runed translucent door, Morgoth's ghost, journeyman OpEE


Innate Abilities, Weirdness & Mutations

Your experience applies equally to all skills.
You have very sharp teeth.
Your uncanny sense of smell can sniff out nearby items.


Message History

Confirm with . or Enter, or press ? or * to list all spells.
Aiming: Mephitic Cloud (mildly dangerous; 3% risk of failure)
Press: ? - help, Shift-Dir - straight line The ball explodes into a vile cloud!
The stinking cloud engulfs the komodo dragon but does no damage.
The komodo dragon is engulfed in noxious fumes.
The komodo dragon barely misses you.
Your magical contamination has completely faded away.
Casting: Mephitic Cloud (mildly dangerous; 3% risk of failure)
Confirm with . or Enter, or press ? or * to list all spells.
You ignite the poison in your surroundings!
The komodo dragon is engulfed in blazing flames.
The komodo dragon barely misses you.
Unknown command.
The komodo dragon is engulfed in blazing flames.
The komodo dragon barely misses you.
You barely miss the komodo dragon.
You bite the komodo dragon, but do no damage.
The komodo dragon is severely wounded.
You hit the cane toad. The cane toad misses you.
The komodo dragon is engulfed in blazing flames.
The komodo dragon bites you!
You barely miss the komodo dragon.
The komodo dragon is almost dead.
You hit the cane toad. The cane toad misses you. x2
The komodo dragon is engulfed in blazing flames.
You kill the komodo dragon!
Dithmenos accepts your kill.
Your life force feels restored.
You are too injured to fight recklessly!
You slash the cane toad!
You bite the cane toad, but do no damage.
The cane toad is moderately wounded.
The cane toad stings you!!
* * * LOW HITPOINT WARNING * * *
You hit the cane toad.
You bite the cane toad, but do no damage.
The cane toad is heavily wounded.
The cane toad stings you!!
You die...

..........(.
............
...........# .
...........###..
..............÷...#....
#.....................#
..#..............#...#
......≈......°.....##
#.≈..≈≈≈≈°.†@F......#
#..≈≈≈≈≈≈≈.°......!##
#...≈≈≈≈≈°°°........#
#..<.≈≈≈≈≈.P........#
#...≈≈≈≈≈≈......##...#
##.≈≈≈≈≈≈......P# .#..
#.≈≈≈≈≈≈≈.....PP# .
##.≈≈≈≈≈.......##
##.≈≈≈......#.#


You could see a cane toad.

Vanquished Creatures
  2 hydras (Lair:2)
  A boulder beetle (D:10)
  A flayed ghost (D:10)
  2 unseen horrors (D:10)
  Pikel (D:4)
  3 manticores
  A wolf spider (Lair:2)
  A gargoyle (D:11)
  2 cane toads
  8 komodo dragons
  A kobold demonologist (D:10)
  A troll (D:10)
  A polar bear (Lair:2)
  A queen bee (Lair:1)
  A wind drake (Lair:2)
  A hornet (D:11)
  6 blink frogs
  9 yaks
  A wraith (D:11)
  5 wyverns
  A basilisk (D:11)
  Grum (D:8)
  2 soldier ants
  An acid dragon (D:10)
  2 water moccasins
  Purgy (Sewer)
  8 orc warriors
  5 ice beasts
  4 ogres
  2 sky beasts
  3 wolves (D:8)
  7 centaurs
  An elf zombie (Ossuary)
  5 phantoms
  A kobold brigand (D:10)
  10 bullfrogs
  Blork the orc (D:4)
  A gnoll sergeant (D:6)
  2 scorpions
  33 killer bees
  4 wights (D:10)
  A howler monkey (D:4)
  2 electric eels
  3 centaur zombies
  A bullfrog zombie (D:7)
  A human zombie (Ossuary)
  2 bullfrog skeletons
  4 jellies
  2 quasits (D:11)
  7 orc priests
  3 hounds
  4 iguanas
  5 hell rats (Lair:3)
  19 orc wizards
  7 worker ants
  2 hound zombies
  2 hound skeletons
  4 mummies
  A worker ant zombie (D:11)
  8 gnolls
  7 adders
  A river rat (D:3)
  3 shadow imps
  3 white imps
  3 ufetubi (D:10)
  An ooze (D:4)
  5 adder zombies (Ossuary)
  3 worms
  A dart slug (D:1)
  6 leopard geckos
  33 orcs
  4 ball pythons
  2 bats (D:1)
  4 giant cockroaches
  8 goblins
  7 hobgoblins
  13 jackals
  7 kobolds
  5 quokkas
  15 frilled lizards
  4 gnoll zombies (Ossuary)
  2 goblin zombies (Ossuary)
  2 hobgoblin zombies (Ossuary)
  4 jackal zombies (Ossuary)
  6 kobold zombies (Ossuary)
  A leopard gecko skeleton (D:6)
  2 orc zombies (Ossuary)
  4 quokka zombies (Ossuary)
  3 rats
  4 rat zombies (Ossuary)
385 creatures vanquished.

Vanquished Creatures (collateral kills)
  An ugly thing (D:10)
1 creature vanquished.

Vanquished Creatures (others)
  17 fungi
  74 plants
91 creatures vanquished.

Grand Total: 477 creatures vanquished

Notes
Turn   | Place    | Note
-------+----------+-------------------------------------------
     0 | D:1      | wampuh the Gnoll Wanderer began the quest for the Orb.
     0 | D:1      | wampuh set off with the following items: a +2 hand axe, a
                  | +0 ring mail, a potion of curing
     0 | D:1      | Reached XP level 1. HP: 23/23 MP: 1/1
    80 | D:1      | Reached XP level 2. HP: 24/29 MP: 2/2
   422 | D:1      | Reached XP level 3. HP: 35/35 MP: 3/3
   876 | D:1      | Reached skill level 1 in Invocations
  1310 | D:2      | Reached skill level 1 in Short Blades
  1310 | D:2      | Reached skill level 1 in Long Blades
  1310 | D:2      | Reached skill level 1 in Maces & Flails
  1310 | D:2      | Reached skill level 1 in Polearms
  1310 | D:2      | Reached skill level 1 in Staves
  1310 | D:2      | Reached skill level 1 in Slings
  1310 | D:2      | Reached skill level 1 in Crossbows
  1310 | D:2      | Reached skill level 1 in Dodging
  1310 | D:2      | Reached skill level 1 in Shields
  1310 | D:2      | Reached skill level 1 in Unarmed Combat
  1310 | D:2      | Reached skill level 1 in Spellcasting
  1310 | D:2      | Reached skill level 1 in Evocations
  1598 | D:2      | Reached XP level 4. HP: 41/41 MP: 5/5
  1766 | D:2      | Noticed a phantom
  1780 | D:2      | Killed a phantom
  1781 | D:2      | Reached skill level 1 in Conjurations
  1781 | D:2      | Reached skill level 1 in Hexes
  1781 | D:2      | Reached skill level 1 in Summonings
  1781 | D:2      | Reached skill level 1 in Necromancy
  1781 | D:2      | Reached skill level 1 in Translocations
  1781 | D:2      | Reached skill level 1 in Transmutations
  1781 | D:2      | Reached skill level 1 in Fire Magic
  1781 | D:2      | Reached skill level 1 in Ice Magic
  1781 | D:2      | Reached skill level 1 in Air Magic
  1781 | D:2      | Reached skill level 1 in Earth Magic
  1781 | D:2      | Reached skill level 1 in Poison Magic
  1781 | D:2      | Reached XP level 5. HP: 25/47 MP: 5/7
  2277 | D:3      | Found a blossoming altar of Fedhas.
  2436 | D:3      | Found a glowing drain.
  2446 | Sewer    | Entered a sewer
  2471 | Sewer    | Noticed Purgy
  2513 | Sewer    | Killed Purgy
  2514 | Sewer    | Reached XP level 6. HP: 34/53 MP: 8/8
  3087 | D:3      | Found a runed translucent gate.
  3087 | D:3      | Found a runed translucent gate.
  3088 | D:3      | Found a runed translucent gate.
  3089 | D:3      | Noticed ArcanElement's ghost (amateur HuFi)
  3301 | D:4      | Reached skill level 5 in Axes
  3301 | D:4      | Reached skill level 5 in Armour
  3708 | D:4      | Noticed Blork the orc
  3718 | D:4      | Reached XP level 7. HP: 41/59 MP: 10/10
  3725 | D:4      | Killed Blork the orc
  3726 | D:4      | Reached skill level 7 in Fighting
  4025 | D:4      | Noticed Pikel
  4058 | D:4      | Killed Pikel
  4059 | D:4      | Reached XP level 8. HP: 13/67 MP: 10/12
  5101 | D:5      | Entered Level 5 of the Dungeon
  5301 | D:5      | Identified the +1 leather armour of Precision Catastrophes
                  | {rF+ Regen+ Dex+3}
  5611 | D:5      | Found Humn's Antique Weapon Shoppe.
  5722 | D:5      | Found a sand-covered staircase.
  5730 | Ossuary  | Entered an ossuary
  5766 | Ossuary  | Reached XP level 9. HP: 69/72 MP: 14/14
  6540 | D:6      | Reached skill level 5 in Bows
  6540 | D:6      | Reached skill level 5 in Throwing
  6875 | D:6      | Reached skill level 5 in Stealth
  7115 | D:6      | Reached skill level 8 in Fighting
  7517 | D:7      | Reached skill level 5 in Invocations
  7621 | D:7      | Found a staircase to the Ecumenical Temple.
  7627 | Temple   | Entered the Ecumenical Temple
  7824 | Temple   | Became a worshipper of Dithmenos the Shadowed
  8191 | D:7      | Reached XP level 10. HP: 80/80 MP: 17/17
  8224 | D:7      | Identified the Grimoire of Air
  8230 | D:7      | Learned a level 3 spell: Mephitic Cloud
  8660 | D:8      | Noticed Grum
  8670 | D:8      | Reached skill level 5 in Short Blades
  8670 | D:8      | Reached skill level 5 in Long Blades
  8670 | D:8      | Reached skill level 5 in Maces & Flails
  8670 | D:8      | Reached skill level 5 in Polearms
  8670 | D:8      | Reached skill level 5 in Staves
  8670 | D:8      | Reached skill level 5 in Slings
  8670 | D:8      | Reached skill level 5 in Crossbows
  8670 | D:8      | Reached skill level 5 in Dodging
  8670 | D:8      | Reached skill level 5 in Shields
  8670 | D:8      | Reached skill level 5 in Unarmed Combat
  8670 | D:8      | Reached skill level 5 in Spellcasting
  8670 | D:8      | Reached skill level 5 in Evocations
  8676 | D:8      | Killed Grum
  8846 | D:8      | Reached * piety under Dithmenos
  9956 | D:10     | Entered Level 10 of the Dungeon
 10051 | D:10     | Noticed a manticore
 10086 | D:10     | Killed a manticore
 10290 | D:10     | Noticed a kobold demonologist
 10301 | D:10     | Killed a kobold demonologist
 10710 | D:10     | Reached XP level 11. HP: 87/87 MP: 19/19
 10775 | D:10     | Killed an unseen horror
 10776 | D:10     | Reached skill level 9 in Fighting
 10879 | D:10     | Noticed a boulder beetle
 10901 | D:10     | Killed a boulder beetle
 10902 | D:10     | Reached skill level 5 in Conjurations
 10902 | D:10     | Reached skill level 5 in Hexes
 10902 | D:10     | Reached skill level 5 in Summonings
 10902 | D:10     | Reached skill level 5 in Necromancy
 10902 | D:10     | Reached skill level 5 in Translocations
 10902 | D:10     | Reached skill level 5 in Transmutations
 10902 | D:10     | Reached skill level 5 in Fire Magic
 10902 | D:10     | Reached skill level 5 in Ice Magic
 10902 | D:10     | Reached skill level 5 in Air Magic
 10902 | D:10     | Reached skill level 5 in Earth Magic
 10902 | D:10     | Reached skill level 5 in Poison Magic
 10993 | D:10     | Noticed a flayed ghost
 11060 | D:10     | Killed a flayed ghost
 11256 | D:10     | Found an opulent altar of Gozag.
 11270 | D:10     | Learned a level 3 spell: Gell's Gravitas
 11351 | D:10     | Noticed a sphinx
 11432 | D:10     | Killed an unseen horror
 11528 | D:10     | Reached ** piety under Dithmenos
 11962 | D:11     | Found a staircase to the Lair.
 12365 | D:11     | Reached *** piety under Dithmenos
 12619 | D:11     | Noticed a manticore
 12637 | D:11     | Killed a manticore
 12777 | D:11     | Noticed a cyan ugly thing
 12777 | D:11     | Noticed a cyan ugly thing
 12779 | D:11     | Noticed a cyan ugly thing
 12780 | D:11     | Noticed a cyan ugly thing
 12826 | D:10     | Killed a cyan ugly thing
 12831 | D:10     | HP: 3/89 [sphinx (14)]
 13313 | Lair:1   | Entered Level 1 of the Lair of Beasts
 13369 | Lair:1   | Reached XP level 12. HP: 12/96 MP: 13/22
 13559 | Lair:1   | Reached **** piety under Dithmenos
 14308 | Lair:1   | Learned a level 3 spell: Ignite Poison
 14348 | Lair:1   | Learned a level 2 spell: Corpse Rot
 14729 | Lair:2   | Found a staircase to the Shoals.
 14981 | Lair:2   | Noticed a four-headed hydra
 15049 | Lair:2   | Found a hole to the Spider Nest.
 15231 | Lair:2   | Reached skill level 10 in Fighting
 15272 | Lair:2   | Killed a five-headed hydra
 15404 | Lair:2   | Noticed an eight-headed hydra
 15459 | Lair:2   | Found a broken altar of Ashenzari.
 15584 | Lair:2   | Found a runed translucent door.
 15587 | Lair:2   | Identified the +4 trident "Quloirr" {speed, rF++ Str+2
                  | Dex-3}
 15587 | Lair:2   | Noticed Morgoth's ghost (journeyman OpEE)
 15601 | Lair:2   | Killed an eight-headed hydra
 16087 | Lair:3   | Mangled by a cane toad

Illustrated notes

Levels and vault maps discovered:
D:1:      lemuel_arrival_funnel, layout_basic, minivault_11,
          minmay_misc_feat_secret_circle, kennysheep_another_room,
          minmay_3d_cube
D:2:      layout_basic
D:3:      layout_rooms, fedhas_altar_2, gammafunk_ghost_split,
          gup_sewer_entry_bubbles, grunt_decor_junction
D:4:      layout_layer_cave, uniq_pikel, uniq_blork_the_orc
D:5:      layout_rooms, serial_shops, shop_fountains, gup_ossuary_entry_pyramid
D:6:      layout_basic
D:7:      layout_loops_ring, minmay_temple_entry_proselytizer
D:8:      layout_cave_pools, minivault_4, uniq_grum
D:9:      layout_roguey, minmay_misc_feat_rows
D:10:     minmay_the_grid_4x2 [minmay_the_grid_box_x, minmay_the_grid_paths,
          minmay_the_grid_aliased_spiral, minmay_the_grid_minigrid_large,
          minmay_the_grid_large_cup, minmay_the_grid_odd_star,
          minmay_the_grid_medium_cups, minmay_the_grid_prize_diamond_cup],
          layout_irregular_city, basic_altar
D:11:     cheibrodos_breeding_chamber, layout_basic, david_lair_shrubbed,
          hangedman_decor_push, mumra_transporter_accident, billiards_dpeg
Temple:   compressed_dpeg_circular_temple
Lair:1:   layout_roguey [special_room_bee], serial_bayou_ford_a,
          nicolae_quartered_pool_medium
Lair:2:   wad_woods_stonehenge, layout_regular_city, minmay_shoals_entry_beasts,
          spider_nest_entry_rubble, ebering_ghost_funeral_grove
Lair:3:   layout_cave_pods, infiniplex_staircase_pool

Skill      XL: |  1  2  3  4  5  6  7  8  9 10 11 12 |
---------------+-------------------------------------+-----
Invocations    | 1 2 3 4 5 6 7 8 |  8.5
Short Blades   | 1 2 3 4 5 6 7 |  7.7
Long Blades    | 1 2 3 4 5 6 7 |  7.7
Maces & Flails | 1 2 3 4 5 6 7 |  7.7
Polearms       | 1 2 3 4 5 6 7 |  7.7
Staves         | 1 2 3 4 5 6 7 |  7.7
Slings         | 1 2 3 4 5 6 7 |  7.7
Crossbows      | 1 2 3 4 5 6 7 |  7.7
Dodging        | 1 2 3 4 5 6 7 |  7.7
Shields        | 1 2 3 4 5 6 7 |  7.7
Unarmed Combat | 1 2 3 4 5 6 7 |  7.7
Spellcasting   | 1 2 3 4 5 6 7 |  7.7
Evocations     | 1 2 3 4 5 6 7 |  7.7
Conjurations   | 1 2 3 4 5 6 |  6.4
Hexes          | 1 2 3 4 5 6 |  6.4
Summonings     | 1 2 3 4 5 6 |  6.4
Necromancy     | 1 2 3 4 5 6 |  6.4
Translocations | 1 2 3 4 5 6 |  6.4
Transmutations | 1 2 3 4 5 6 |  6.4
Fire Magic     | 1 2 3 4 5 6 |  6.4
Ice Magic      | 1 2 3 4 5 6 |  6.4
Air Magic      | 1 2 3 4 5 6 |  6.4
Earth Magic    | 1 2 3 4 5 6 |  6.4
Poison Magic   | 1 2 3 4 5 6 |  6.4
Bows           | 3 4 5 6 7 8 |  8.2
Throwing       | 3 4 5 6 7 8 |  8.2
Stealth        | 3 4 5 6 7 8 |  8.1
Axes           | 5 6 7 8 9 |  9.1
Armour         | 5 6 7 8 9 |  9.1
Fighting       | 7 8 9 10 | 10.1

Action                   |  1- 3 |  4- 6 |  7- 9 | 10-12 || total
-------------------------+-------+-------+-------+-------++-------
Melee: Hand axe          |    78 |       |       |       ||    78
       Bite              |    12 |    11 |    50 |   102 ||   175
       War axe           |    10 |   147 |   370 |   608 ||  1135
       Punch             |     1 |     1 |     4 |    14 ||    20
       Dagger            |       |       |    12 |     1 ||    13
Throw: Dart              |       |       |       |     2 ||     2
 Cast: Mephitic Cloud    |       |       |       |    26 ||    26
       Gell's Gravitas   |       |       |       |    16 ||    16
       Ignite Poison     |       |       |       |     7 ||     7
       Corpse Rot        |       |       |       |     3 ||     3
Evoke: Box of beasts     |       |       |       |     1 ||     1
       Condenser vane    |       |       |       |     1 ||     1
       Wand              |       |       |       |     7 ||     7
  Use: Potion            |       |     3 |     1 |     5 ||     9
       Scroll            |       |     1 |     8 |     7 ||    16
 Stab: Sleeping          |       |     1 |    14 |    19 ||    34
       Distracted        |       |       |     1 |     1 ||     2
       Confused          |       |       |       |    14 ||    14
Armor: Ring mail         |    37 |    78 |    40 |       ||   155
       Skin              |       |    47 |       |    38 ||    85
       Leather armour    |       |       |   148 |   248 ||   396
Dodge: Dodged            |    35 |   107 |   287 |   603 ||  1032

Table legend: (Time is in decaauts)
 A = Elapsed time spent in this place.
 B = Non-inter-level travel time spent in this place.
 C = Inter-level travel time spent in this place.
 D = Time resting spent in this place.
 E = Time spent auto-exploring this place.
 F = Levels seen in this place.
 G = Mean time per level.
                   A        B        C        D        E       F      G
               +--------+--------+--------+--------+--------+-----+--------+
         Total |  16356 |  15968 |    388 |   4122 |   8252 |  17 |  962.1 |
       Dungeon |  12534 |  12212 |    322 |   2996 |   6670 |  11 | 1139.5 |
        Temple |    241 |    205 |     36 |      0 |      8 |   1 |  241.0 |
          Lair |   2799 |   2770 |     29 |    942 |   1326 |   3 |  933.0 |
         Sewer |    398 |    398 |      0 |    165 |     57 |   1 |  398.0 |
       Ossuary |    382 |    382 |      0 |     19 |    190 |   1 |  382.0 |
               +--------+--------+--------+--------+--------+-----+--------+

Top non-repeatable levels by time:
    D:10: 2122 daAuts
     D:4: 2081 daAuts
  Lair:2: 1342 daAuts
  Lair:1: 1330 daAuts
    D:11: 1284 daAuts
     D:2: 1121 daAuts
     D:1: 1115 daAuts
     D:6: 1001 daAuts
     D:7: 845 daAuts
     D:5: 830 daAuts
     D:9: 761 daAuts
     D:3: 756 daAuts
     D:8: 614 daAuts
   Sewer: 398 daAuts
 Ossuary: 382 daAuts
